Map: Deathaura LE

Players

iGMacSed (MacSed) - Winner!

  • Race: Protoss Protoss
  • League: Master
  • Spawn Location: 5:00

JieShi

  • Race: Protoss Protoss
  • Spawn Location: 11:00

Event: DreamHack SC2 Masters 2020 Fall

VOD

Have the link to the VOD?

Description

Time

  • Played on: Sept. 6, 2020, 8:24 a.m.
  • Length: 14:18

All games in this series

Show
View Real Time Build Order
Export as new Build Order

iGMacSed Protoss - Winner!

Build Orders: Oracle Opening 

Get SALT Encoding   

  12  0:00  Probe  
  13  0:12  Probe  
  14  0:16  Pylon  
  14  0:24  Probe (Chrono Boost)  
  15  0:36  Gateway, Probe (Chrono Boost)  
  16  0:43  Probe (Chrono Boost)  
  16  0:45  Assimilator  
  17  0:51  Probe  
  18  1:03  Probe (Chrono Boost)  
  19  1:04  Assimilator  
  19  1:10  Gateway  
  19  1:13  Probe (Chrono Boost)  
  19  1:17  Probe (Chrono Boost)  
  20  1:24  Cybernetics Core  
  21  1:29  Probe  
  22  1:34  Pylon  
  22  1:41  Probe  
  23  1:53  Probe  
  24  2:00  Warp Gate  
  24  2:01  Stalker x2  
  28  2:10  Pylon, Probe  
  29  2:30  Stargate  
  28  2:49  Nexus  
  28  2:53  Stalker  
  30  3:02  Stalker  
  32  3:10  Probe  
  32  3:12  Oracle (Chrono Boost)  
  36  3:22  Probe  
  37  3:27  Pylon  
  37  3:34  Probe  
  38  3:42  Oracle (Chrono Boost)  
  38  3:46  Probe  
  42  3:50  Shield Battery  
  42  4:02  Probe (Chrono Boost)  
  41  4:03  Probe (Chrono Boost)  
  42  4:12  Probe (Chrono Boost)  
  42  4:14  Probe (Chrono Boost)  
  44  4:20  Probe (Chrono Boost)  
  44  4:21  Twilight Council  
  44  4:22  Probe (Chrono Boost)  
  46  4:28  Stalker  
  50  4:31  Probe (Chrono Boost)  
  50  4:33  Stalker, Probe (Chrono Boost)  
  50  4:37  Probe  
  52  4:41  Probe  
  54  4:49  Probe  
  54  4:52  Stalker  
  57  4:53  Blink (Chrono Boost), Probe  
  58  5:01  Probe  
  58  5:05  Probe  
  60  5:10  Forge  
  60  5:13  Gateway, Probe  
  61  5:16  Assimilator  
  61  5:17  Probe  
  62  5:24  Pylon  
  62  5:34  Nexus  
  62  5:36  Pylon  
  62  5:38  Robotics Facility  
  62  5:42  Probe x2  
  64  5:43  Stalker x2  
  64  5:46  Protoss Ground Weapons Level 1  
  68  5:54  Probe  
  69  5:58  Photon Cannon  
  69  5:59  Probe  
  70  6:07  Stalker x3  
  70  6:08  Probe  
  77  6:11  Probe  
  77  6:13  Shield Battery  
  78  6:27  Pylon  
  78  6:28  Pylon  
  78  6:35  Pylon  
  78  6:36  Pylon  
  78  6:38  Charge (Chrono Boost)  
  78  6:44  Gateway  
  78  6:45  Probe  
  78  6:46  Gateway  
  79  6:48  Gateway  
  79  6:51  Gateway  
  79  6:54  Gateway  
  79  6:56  Probe x2  
  81  7:07  Stalker x3, Probe  
  88  7:10  Probe x2  
  88  7:12  Observer  
  82  7:32  Probe  
  82  7:34  Probe  
  82  7:35  Probe  
  83  7:39  Stalker  
  83  7:40  Gateway, Stalker x4  
  83  7:41  Gateway  
  93  7:45  Photon Cannon  
  93  7:49  Photon Cannon  
  93  7:52  Observer  
  93  7:53  Stalker x3  
  93  7:58  Protoss Ground Weapons Level 2 (Chrono Boost)  
  100  8:15  Probe x2  
  100  8:17  Pylon  
  100  8:18  Stalker x2  
  106  8:22  Nexus  
  106  8:28  Pylon  
  106  8:30  Probe x2  
  106  8:32  Assimilator  
  108  8:40  Probe  
  109  8:42  Probe x2  
  109  8:47  Photon Cannon  
  111  8:49  Photon Cannon  
  111  8:50  Shield Battery  
  111  8:52  Shield Battery, Probe  
  111  8:54  Probe  
  111  8:55  Stalker x4, Pylon  
  121  8:57  Probe  
  121  9:01  Robotics Bay  
  120  9:21  Zealot x10  
  140  9:31  Robotics Facility  
  140  9:32  Robotics Facility  
  140  9:37  Pylon  
  140  9:38  Probe x2  
  142  9:42  Pylon  
  142  9:43  Pylon  
  142  9:51  Disruptor (Chrono Boost)  
  142  9:56  Gravitic Boosters  
  145  10:01  Photon Cannon  
  145  10:02  Photon Cannon  
  145  10:05  Photon Cannon  
  145  10:08  Shield Battery  
  145  10:17  Disruptor (Chrono Boost)  
  145  10:18  Disruptor x2 (Chrono Boost)  
  151  10:24  Probe  
  155  10:33  Zealot x9  
  155  10:34  Zealot  
  175  10:36  Nexus  
  175  10:37  Pylon  
  175  10:48  Disruptor  
  175  10:49  Disruptor  
  181  11:03  Photon Cannon  
  181  11:04  Photon Cannon  
  175  11:06  Shield Battery  
  161  11:25  Stalker x8  
  136  11:34  Zealot x2  
  140  11:43  Probe x2  
  138  11:50  Zealot x4  
  138  11:51  Disruptor, Zealot x2  
  138  11:52  Zealot x2  
  153  11:55  Probe x2  
  155  12:05  Gateway  
  155  12:09  Gateway  
  155  12:11  Stalker x6  
  167  12:16  Photon Cannon  
  167  12:17  Probe  
  167  12:19  Photon Cannon  
  167  12:20  Photon Cannon  
  167  12:22  Shield Battery  
  165  12:23  Shield Battery  
  165  12:24  Zealot x4  
  150  12:30  Disruptor (Chrono Boost)  
  150  12:34  Zealot x6  
  155  12:41  Disruptor (Chrono Boost)  
  145  12:46  Zealot x4  
  147  12:51  Probe  
  147  12:54  Zealot x6  
  147  12:56  Disruptor (Chrono Boost)  
  152  13:02  Disruptor (Chrono Boost)  
  153  13:11  Nexus  
  153  13:12  Stalker x2  
  153  13:15  Zealot x7  
  153  13:19  Assimilator  
  167  13:20  Assimilator  
  167  13:29  Disruptor (Chrono Boost), Photon Cannon  
  167  13:30  Photon Cannon  
  167  13:31  Shield Battery  
  152  13:50  Zealot x3  
  152  13:51  Zealot x7  
Show
View Real Time Build Order
Export as new Build Order

JieShi Protoss 

Build Orders:  

Get SALT Encoding   

  12  0:00  Probe  
  13  0:12  Probe  
  14  0:18  Pylon  
  14  0:24  Probe (Chrono Boost)  
  15  0:37  Gateway, Probe (Chrono Boost)  
  16  0:45  Probe (Chrono Boost)  
  16  0:46  Assimilator  
  17  0:51  Probe  
  17  0:54  Assimilator  
  18  1:03  Probe (Chrono Boost)  
  19  1:07  Gateway  
  19  1:13  Probe (Chrono Boost)  
  19  1:18  Probe (Chrono Boost)  
  20  1:24  Cybernetics Core  
  21  1:29  Probe  
  22  1:33  Pylon  
  22  1:41  Probe  
  23  1:53  Probe  
  24  2:00  Warp Gate  
  24  2:01  Adept x2  
  24  2:05  Pylon  
  28  2:15  Shield Battery  
  28  2:25  Pylon  
  32  2:37  Sentry x2  
  32  2:40  Nexus  
  32  2:44  Shield Battery  
  32  2:47  Probe  
  33  2:59  Probe  
  33  3:03  Stalker  
  33  3:05  Stalker  
  38  3:11  Probe  
  39  3:18  Pylon  
  39  3:29  Twilight Council  
  39  3:36  Probe  
  40  3:44  Shield Battery  
  41  3:49  Sentry  
  41  3:50  Probe (Chrono Boost), Stalker  
  41  3:55  Probe (Chrono Boost)  
  47  4:03  Probe (Chrono Boost)  
  47  4:06  Probe (Chrono Boost)  
  47  4:11  Probe (Chrono Boost)  
  47  4:14  Probe (Chrono Boost)  
  47  4:15  Probe (Chrono Boost)  
  46  4:26  Probe (Chrono Boost), Stalker  
  46  4:28  Probe (Chrono Boost)  
  50  4:33  Stalker  
  50  4:37  Probe (Chrono Boost)  
  54  4:40  Probe (Chrono Boost)  
  54  4:42  Probe (Chrono Boost)  
  55  4:48  Probe (Chrono Boost)  
  53  4:53  Probe (Chrono Boost)  
  53  4:59  Blink (Chrono Boost)  
  54  5:01  Probe (Chrono Boost)  
  54  5:02  Forge  
  54  5:05  Probe (Chrono Boost)  
  54  5:08  Probe (Chrono Boost)  
  54  5:10  Probe (Chrono Boost)  
  54  5:12  Dark Shrine  
  54  5:15  Assimilator, Probe  
  54  5:17  Assimilator  
  54  5:19  Probe  
  56  5:24  Pylon  
  56  5:27  Probe  
  57  5:31  Probe  
  57  5:33  Pylon  
  56  5:35  Protoss Ground Weapons Level 1  
  56  5:39  Probe  
  57  5:43  Probe  
  57  5:44  Stalker  
  57  5:46  Pylon  
  60  5:51  Probe (Chrono Boost)  
  62  5:58  Probe (Chrono Boost)  
  62  5:59  Gateway  
  62  6:02  Pylon  
  62  6:03  Probe (Chrono Boost)  
  63  6:06  Stalker  
  67  6:12  Probe x2 (Chrono Boost)  
  67  6:17  Probe  
  67  6:19  Probe  
  67  6:24  Nexus  
  69  6:30  Probe  
  69  6:32  Probe  
  71  6:35  Robotics Facility  
  71  6:36  Gateway  
  71  6:42  Probe  
  71  6:44  Probe  
  73  6:47  Stalker  
  73  6:48  Stalker  
  73  6:53  Shield Battery  
  73  6:54  Probe  
  78  7:01  Probe  
  78  7:03  Stalker  
  78  7:04  Pylon  
  78  7:06  Probe  
  82  7:18  Stalker x2  
  82  7:21  Probe  
  81  7:32  Protoss Ground Weapons Level 2 (Chrono Boost)  
  81  7:36  Dark Templar x2  
  87  7:37  Probe (Chrono Boost)  
  87  7:39  Probe x2 (Chrono Boost)  
  87  7:41  Shield Battery  
  87  7:42  Dark Templar x2  
  87  7:43  Observer (Chrono Boost), Photon Cannon  
  93  7:46  Probe (Chrono Boost)  
  93  7:49  Probe (Chrono Boost)  
  95  7:53  Gateway, Pylon  
  95  8:00  Gateway  
  95  8:02  Gateway  
  95  8:08  Warp Prism (Chrono Boost)  
  97  8:13  Gateway  
  97  8:16  Stalker  
  97  8:17  Stalker x2  
  97  8:18  Sentry  
  103  8:23  Pylon  
  103  8:25  Pylon  
  97  8:37  Immortal  
  97  8:38  Pylon  
  101  8:42  Sentry  
  101  8:45  Stalker x3  
  109  8:49  Stalker  
  109  8:51  Pylon  
  111  8:56  Stalker  
  111  8:57  Pylon  
  111  8:58  Stalker  
  115  9:18  Nexus  
  115  9:19  Immortal  
  115  9:20  Pylon  
  119  9:26  Stalker x2  
  119  9:27  Stalker  
  119  9:31  Sentry, Observer  
  127  9:33  Stalker x2  
  131  9:42  Stalker x2  
  135  9:47  Pylon  
  133  9:55  Warp Prism (Chrono Boost)  
  133  9:56  Stalker  
  133  9:57  Stalker x3  
  143  10:04  Stalker  
  143  10:06  Assimilator  
  145  10:08  Stalker  
  145  10:09  Resonating Glaives (Chrono Boost), Adept  
  145  10:10  Assimilator, Adept  
  151  10:26  Adept  
  151  10:27  Adept x4  
  160  10:32  Photon Cannon  
  159  10:44  Pylon  
  159  10:46  Pylon  
  159  10:48  Pylon  
  159  10:50  Pylon  
  159  10:52  Pylon  
  159  10:54  Pylon  
  159  11:04  Stalker  
  159  11:05  Stalker x6  
  159  11:09  Stalker x3  
  159  11:10  Stalker x5  
  164  11:16  Warp Prism (Chrono Boost)  
  146  11:29  Pylon  
  140  11:34  Sentry x2, Stalker x3  
  140  11:35  Adept x2, Stalker  
  154  11:52  Observer (Chrono Boost)  
  135  12:12  Stalker x5  
  135  12:13  Stalker x3  
  120  12:35  Adept x4  
  120  12:36  Adept x2  
  95  12:44  Stalker x2  
  91  13:02  Sentry x2  
  91  13:03  Sentry, Adept x2  
  91  13:04  Adept  
  99  13:06  Probe (Chrono Boost)  
  99  13:09  Probe (Chrono Boost)  
  99  13:11  Adept x2  
  106  13:13  Observer (Chrono Boost)  
  106  13:15  Probe (Chrono Boost)  
  106  13:18  Probe (Chrono Boost)  
  109  13:24  Probe x2 (Chrono Boost)  
  109  13:25  Probe (Chrono Boost)  
  109  13:27  Adept x3  
  113  13:28  Sentry  
  113  13:31  Adept  
  113  13:33  Probe  
  76  13:56  Stalker x5  

Tags
 
Add a new tag
Caveats
  • Supply blocks, unpowered buildings, or Contaminate may cause inaccurate times.
  • Supply counts are checked every 10 seconds.